 Dungeon Crawl Stone Soup version 0.31.0-12-g77e489cdc1 (webtiles) character file.

Game seed: 9186384765795385616

41 dirge the Grave Robber (level 3, -1/24 HPs)
             Began as a Vampire Necromancer on Feb 26, 2024.
             Slain by an orc
             ... wielding a +2 heavy spear
              (8 damage)
             ... on level 4 of the Dungeon.
             The game lasted 00:02:34 (1356 turns).

dirge the Grave Robber (Vampire Necromancer)        Turns: 1356, Time: 00:02:35

Health: -1/24      AC:  5    Str:  7    XL:     3   Next: 32%
Magic:  6/7        EV: 12    Int: 19    God:
Gold:   73         SH:  0    Dex: 14    Spells: 6/7 levels left

rFire   + . .        a - +0 short sword
rCold   . . .        (no shield)
rNeg    . . .        c - +2 leather armour {rF+}
rPois   .            (no helmet)
rElec   .            (no cloak)
rCorr   .            (no gloves)
SInv    +            (no boots)
Will    .....        (no amulet)
Stlth   ++           (no ring)
HPRegen 0.44/turn    (no ring)
MPRegen 0.10/turn

%: no passive effects
@: healing quickly
A: alive, fangs 3, see invisible, vampiric 2
a: Exsanguinate


You were on level 4 of the Dungeon.
You visited 1 branch of the dungeon, and saw 3 of its levels.

You collected 73 gold pieces.

Inventory:

Hand Weapons
 a - a +0 short sword (weapon)
 f - a +0 dagger
Armour
 c - a +2 leather armour of fire resistance (worn)
 j - a +0 robe
Jewellery
 e - a ring of protection from cold
Scrolls
 d - a scroll of fog {unknown}
 k - a scroll of teleportation {unknown}
Potions
 g - 2 potions of curing {unknown}
 h - a potion of berserk rage {unknown}
 i - 2 potions of might {unknown}


   Skills:
 + Level 2.5 Dodging
 + Level 3.5 Stealth
 * Level 2.6 Spellcasting
 * Level 4.9 Necromancy


You had 6 spell levels left.
You knew the following spells:

 Your Spells              Type           Power      Damage    Failure   Level
a - Necrotise             Necr           84%        1d8       3%          1

Your spell library contained the following spells:

 Spells                   Type           Power      Damage    Failure   Level
 Vampiric Draining        Necr           21%        2d7       10%         3
 Animate Dead             Necr           21%        N/A       32%         4
 Curse of Agony           Necr           21%        N/A       65%         5


Dungeon Overview and Level Annotations

Branches:
Dungeon (2/15)

Altars:


Innate Abilities, Weirdness & Mutations

Your natural rate of healing is accelerated.
You have razor-sharp teeth.
You have supernaturally acute eyesight. (SInv)
You are afflicted with vampirism and can become a bat while bloodless.


Message History

Your orc skeleton hits the quokka but does no damage.
The quokka barely misses you.
You barely miss the quokka.
Your orc skeleton closely misses the quokka.
The quokka barely misses you. The orc barely misses you.
You miss the quokka. The quokka completely misses you.
Your orc skeleton completely misses the quokka.
You closely miss the quokka. The quokka barely misses you.
The orc hits you but does no damage.
You barely miss the quokka. The quokka bites you.
Your orc skeleton closely misses the quokka.
The orc hits you from afar with a +2 heavy spear.
You hit the quokka but do no damage. Your bite misses the quokka.
The quokka barely misses you.
Your orc skeleton hits the quokka but does no damage.
The quokka closely misses you.
You closely miss the quokka. The orc barely misses you.
Your orc skeleton closely misses the quokka.
The quokka misses you.
You closely miss the quokka.
The quokka bites you but does no damage.
The orc closely misses you.
Your orc skeleton hits the quokka.
You barely miss the quokka.
The quokka is moderately wounded.
The quokka bites you.
* * * LOW HITPOINT WARNING * * *
Magic courses through your body. The quokka barely misses you.
Your orc skeleton barely misses the quokka.
The orc barely misses you.
Casting: Necrotise (safe; 3% risk of failure)
Confirm with . or Enter, or press ? or * to list all spells.
Aiming: Necrotise (safe; 3% risk of failure)
Press: ? - help, Shift-Dir - straight line, f - quokka
Aim: a quokka (moderately wounded, ally target, chance to affect: 90%)
The quokka writhes in agony!
You kill the quokka!
The dead are hopping!
Your orc skeleton hits the orc but does no damage.
The orc hits you from afar with a +2 heavy spear!
You die...

........#.......##.........
(.......#..####............
...........# ##............
.......)...# #..##.........
........Z.# ##..##.........
.........## #..###.........
........Z####.## ##########
........oZ†##.#
........##@...#
........##....#
........###>..# #########
#...# #.### #.# #.# #.#


You could see an orc (ally target), a friendly quokka skeleton and a friendly
orc skeleton.

Vanquished Creatures
  An adder (D:4)
  2 dart slugs (D:1)
  An orc (D:4)
  5 giant cockroaches
  A goblin (D:1)
  3 hobgoblins
  2 kobolds (D:1)
  3 quokkas
  3 bats (D:1)
  A frilled lizard (D:1)
  A rat (D:1)
23 creatures vanquished.

Vanquished Creatures (collateral kills)
  An endoplasm (D:1)
  2 rats (D:1)
3 creatures vanquished.

Grand Total: 26 creatures vanquished

Notes
Turn   | Place    | Note
-------+----------+-------------------------------------------
     0 | D:1      | dirge the Vampire Necromancer began the quest for the Orb.
     0 | D:1      | Reached XP level 1. HP: 13/13 MP: 3/3
   218 | D:1      | Noticed a glass eye
   259 | D:1      | Found a faded altar of an unknown god.
   261 | D:1      | Noticed a glass eye
   261 | D:1      | Noticed a golden eye
   261 | D:1      | Noticed a shining eye
   283 | D:1      | Reached XP level 2. HP: 14/19 MP: 0/5
  1210 | D:2      | You fall into a shaft and drop 2 floors!
  1284 | D:4      | Gained mutation: You are afflicted with vampirism and can
                  | become a bat while bloodless. [Vampire growth]
  1284 | D:4      | Reached XP level 3. HP: 24/24 MP: 4/6
  1356 | D:4      | Slain by an orc

Illustrated notes

Levels and vault maps discovered:
D:1:      giann_forest_graveyard, layout_basic, serial_forest,
          infiniplex_forest_corner_1, infiniplex_forest_zigzag_2,
          infiniplex_forest_end_double, infiniplex_forest_clump_C,
          infiniplex_forest_diagonal, infiniplex_forest_clump_tiny,
          infiniplex_forest_pool, hellmonk_ecumenical_altar_watching_god
D:2:      minmay_general_purpose_star, layout_rooms, serial_shops, shop,
          uniq_sigmund
D:4:      layout_basic, uniq_edmund

Action                     || total
---------------------------++-------
  Melee: Short sword       ||    16
         Unarmed           ||     1
         Bite              ||     1
   Cast: Necrotise         ||    35
    Use: Potion            ||     1
   Stab: Sleeping          ||     2
 Armour: Leather armour    ||    20
  Dodge: Dodged            ||    22
